 Dungeon Crawl Stone Soup version 0.20.1-1-g8b1a95d (console) character file.

164 hilaritas the Skirmisher (level 5, -3/72 HPs)
             Began as a Hill Orc Wanderer on Sept 25, 2017.
             Slain by a gnoll
             ... wielding a +0 spear
              (5 damage)
             ... on level 2 of the Dungeon.
             The game lasted 00:05:37 (2816 turns).

hilaritas the Skirmisher (Hill Orc Wanderer)        Turns: 2816, Time: 00:05:37

Health: -3/72      AC:  6    Str: 22    XL:     5   Next: 45%
Magic:  8/8        EV: 10    Int: 11    God:
Gold:   64         SH:  0    Dex: 10    Spells: 6/8 levels left

rFire    . . .     SeeInvis .   e - +0 club
rCold    . . .     Gourm    .   (no shield)
rNeg     . . .     Faith    .   q - +0 ring mail
rPois    .         Spirit   .   m - +0 helmet
rElec    .         Reflect  .   (no cloak)
rCorr    .         Harm     .   (no gloves)
MR       .....                  (no boots)
Stlth    ..........             (no amulet)
Regen    0.3/turn               (no ring)
MPRegen  0.2/turn               (no ring)

@: berserking, very quick
A: no striking features
a: no special abilities


You were on level 2 of the Dungeon.
You were not hungry.

You visited 1 branch of the dungeon, and saw 2 of its levels.

You collected 64 gold pieces.

Inventory:

Hand Weapons
 e - a +0 club (weapon)
Armour
 m - a +0 helmet (worn)
 q - a +0 ring mail (worn)
Jewellery
 g - an uncursed ring of resist corrosion {unknown}
Scrolls
 i - a scroll of remove curse {unknown}
 j - a scroll of enchant weapon {unknown}
 k - 2 scrolls of teleportation {unknown}
 n - 2 scrolls of recharging {unknown}
 o - a scroll of identify {unknown}
 r - 2 scrolls of blinking {unknown}
Potions
 l - a potion of mutation {unknown}
Books
 a - a book of Minor Magic

   Spells                             Type                      Level
   a - Magic Dart                     Conjuration                  1
   b - Blink                          Translocation                2
   c - Call Imp                       Summoning                    2
   d - Slow                           Hexes                        2
   e - Conjure Flame                  Conjuration/Fire             3
   f - Mephitic Cloud                 Conjuration/Poison/Air       3
Comestibles
 f - a bread ration
 h - 3 fruits
 p - a meat ration


   Skills:
 * Level 5.0 Fighting
 - Level 1.1 Maces & Flails
 * Level 3.5 Armour
 - Level 1.0 Stealth
 - Level 2.4 Spellcasting
   Level 2.0 Conjurations
   Level 1.0 Evocations


You had 6 spell levels left.
You knew the following spells:

 Your Spells              Type           Power        Failure   Level  Hunger
a - Blink                 Tloc           N/A          54%         2    ###....


Dungeon Overview and Level Annotations

Branches:
Dungeon (2/15)

Altars:


Message History

You hit the gnoll.
The gnoll is severely wounded.
The gnoll hits you with an enchanted spear.
* * * LOW HITPOINT WARNING * * *
The gnoll barely misses you.
You sock the gnoll!
You kill the gnoll!
Your Fighting skill increases to level 5!
The gnoll hits you but does no damage. The gnoll closely misses you.
Things that are here:
an enchanted spear; a scroll labeled CECONOIPSASOA You sock the gnoll!
You kill the gnoll!
The gnoll closely misses you.
You barely miss the gnoll. The gnoll hits you with a spear.
* * * LOW HITPOINT WARNING * * *
The gnoll hits you.
* * * LOW HITPOINT WARNING * * *
You completely miss the gnoll. The gnoll hits you with a spear.
You die...

##.#
#.###.##♣P.♣♣...# #.#
#..##.##♣..♣♣...#
#.####.##..#♣.♣P♣####
#...##.###...♣♣♣#
###...P.###)###
.....PP[.##.#
###.#P.P....#
#...###.#.#
###.......#####
########.##....g####
.....#
#......#g@..#####
.....#
####.#..###...).###
.....#
#..##..######...#
.....# ##.####.###
###.## .....####..#
#...# #..##
........#.## #...#
##..## #######.#.#
#...# ##S.# #####
#...#####...# ##.#
....####....).....#
#.#
.....####.#####...#
#.. ......# #.# #...#
....


You could see 2 gnolls.

Vanquished Creatures
  9 adders (D:2)
  2 gnolls (D:2)
  3 worms (D:2)
  A dart slug (D:2)
  2 leopard geckos (D:2)
  8 hobgoblins
  4 jackals (D:2)
  3 ball pythons
  8 bats
  3 frilled lizards (D:2)
  4 goblins (D:1)
  7 kobolds
  5 rats
59 creatures vanquished.

Notes
Turn   | Place    | Note
-------+----------+-------------------------------------------
     0 | D:1      | hilaritas the Hill Orc Wanderer began the quest for the Orb.
     0 | D:1      | hilaritas set off with: a book of Minor Magic, a potion of curing, a potion of lignification, a +0 robe, a +0 club, a bread ration
     0 | D:1      | Reached XP level 1. HP: 18/18 MP: 3/3
   159 | D:1      | Reached skill level 3 in Fighting
   272 | D:1      | Reached XP level 2. HP: 25/26 MP: 5/5
   284 | D:1      | Reached skill level 1 in Armour
   608 | D:1      | Learned a level 2 spell: Blink
   797 | D:2      | Reached XP level 3. HP: 12/33 MP: 6/6
  1393 | D:2      | Reached skill level 4 in Fighting
  1452 | D:2      | Reached XP level 4. HP: 27/40 MP: 7/7
  2386 | D:2      | Reached XP level 5. HP: 22/47 MP: 8/8
  2812 | D:2      | Reached skill level 5 in Fighting
  2815 | D:2      | HP: 2/72 [gnoll (6)]
  2816 | D:2      | Slain by a gnoll

Skill      XL: |  1  2  3  4  5 |
---------------+----------------+-----
Fighting       | 3 4 5 |  5.0
Armour         | 1 2 3 |  3.5
Maces & Flails | |  1.1
Stealth        | |  1.0
Spellcasting   | |  2.4
Conjurations   | |  2.0
Evocations     | |  1.0

Action                   |  1- 3 |  4- 6 || total
-------------------------+-------+-------++-------
Melee: Club              |   172 |   184 ||   356
  Use: Potion            |       |     3 ||     3
  Eat: Chunk             |     2 |     5 ||     7
Armor: Robe              |     7 |       ||     7
       Chain mail        |    69 |       ||    69
       Ring mail         |    47 |    91 ||   138
       Skin              |       |     7 ||     7
Dodge: Dodged            |   114 |   120 ||   234
